 Dungeon Crawl Stone Soup version 0.31-a0-667-g39726597b9 (webtiles) character file.

Game seed: 18159911809093688290

44 MacCMillion the Shooter (level 3, -9/27 HPs)
             Began as a Human Hunter on Sept 4, 2023.
             Killed by nerve-wracking pain
             ... invoked by an orc priest
              (13 damage)
             ... on level 3 of the Dungeon.
             The game lasted 00:02:22 (1590 turns).

MacCMillion the Shooter (Human Hunter)              Turns: 1590, Time: 00:02:23

Health: -9/27      AC:  3    Str: 11    XL:     3   Next: 85%
Magic:  3/3        EV: 12    Int:  9    God:
Gold:   96         SH:  0    Dex: 18    Spells: 2/2 levels left

rFire   . . .        a - +0 shortbow
rCold   . . .        (shield currently unavailable)
rNeg    . . .        c - +0 leather armour
rPois   .            (no helmet)
rElec   .            (no cloak)
rCorr   .            (no gloves)
SInv    .            (no boots)
Will    .....        (no amulet)
Stlth   ++           (no ring)
HPRegen 0.24/turn    (no ring)
MPRegen 0.08/turn

%: no passive effects
@: no status effects
A: no striking features
a: no special abilities


You were on level 3 of the Dungeon.
You visited 1 branch of the dungeon, and saw 3 of its levels.

You collected 96 gold pieces.

Inventory:

Hand Weapons
 a - a +0 shortbow (weapon)
 d - a +0 dagger
 f - a +0 heavy sling
Armour
 c - a +0 leather armour (worn)
Scrolls
 b - a scroll of butterflies
 e - a scroll of vulnerability {unknown}
 g - a scroll of noise {unknown}
 h - 4 scrolls of identify {unknown}
Potions
 i - a potion of attraction {unknown}


   Skills:
 - Level 2.0 Fighting
 + Level 4.6 Ranged Weapons
 - Level 2.0 Dodging
 + Level 2.6 Stealth


You had 2 spell levels left.
You didn't know any spells.
Your spell library contained the following spells:

 Spells                   Type           Power      Damage    Failure   Level
 Sting                    Tmut/Pois      0%         1d3       47%         1
 Poisonous Vapours        Pois/Air       0%         N/A       63%         2
 Olgreb's Toxic Radiance  Pois           0%         N/A       99%         4


Dungeon Overview and Level Annotations

Branches:
Dungeon (3/15)

Altars:

Shops:
D:1 *


Message History

You kill the endoplasm!
No target in view! 2 orcs come into view.
You shoot an arrow. The arrow closely misses the orc.
The orc shouts!
You hear a shout!
An orc comes into view. It is wielding a +0 mace.
You shoot an arrow. The arrow barely misses the orc.
The orc shouts!
The arrow hits the orc!
You kill the orc!
An orc comes into view. It is wielding a +0 short sword.
You shoot an arrow. The orc shouts!
The arrow hits the orc!
You kill the orc!
An orc priest comes into view. It is wielding a +0 hand axe.
You shoot an arrow. The arrow hits the orc.
The orc is moderately wounded.
You shoot an arrow. The arrow closely misses the orc.
The arrow hits the orc!
You kill the orc!
You shoot an arrow. The arrow hits the orc.
The orc is heavily wounded.
The orc priest calls down the wrath of Beogh upon you.
Beogh smites you!
You shoot an arrow. The arrow hits the orc.
You kill the orc!
You shoot an arrow. The arrow hits the orc priest!
The orc priest is heavily wounded.
The orc priest calls down the wrath of Beogh upon you.
Pain shoots through your body!
You shoot an arrow.
The arrow hits the orc priest but does no damage.
The orc priest is heavily wounded.
The orc priest calls down the wrath of Beogh upon you.
Beogh smites you!
Ouch! That really hurt!
* * * LOW HITPOINT WARNING * * *
The orc priest calls down the wrath of Beogh upon you.
Pain shoots through your body!
You die...

#.......###.....##
#.#.###.##.......##
#....##.#.........#
#.......+.........+
.
#.......#.........#
.
#.......##.......##
#
######.####.....##
# #.# ##...## . #@#
##'## # #.# #.# #
#.# #.# # #.#
##.######### #o#
##....)....).
#.####.....#######
#....o.....#
#.....##...#
##.##.##...#


You could see an orc priest.

Vanquished Creatures
  An adder (D:2)
  A worm (D:1)
  4 orcs (D:3)
  A ball python (D:1)
  3 endoplasms
  2 hobgoblins
  2 bats (D:1)
  3 frilled lizards
  6 goblins
  2 kobolds (D:1)
  3 rats
  A spectral hobgoblin (D:1)
29 creatures vanquished.

Notes
Turn   | Place    | Note
-------+----------+-------------------------------------------
     0 | D:1      | MacCMillion the Human Hunter began the quest for the Orb.
     0 | D:1      | Reached XP level 1. HP: 16/16 MP: 1/1
    74 | D:1      | Reached XP level 2. HP: 22/22 MP: 2/2
   248 | D:1      | Found a faded altar of an unknown god.
   320 | D:1      | Found Irutry's Assorted Antiques.
   810 | D:1      | Reached XP level 3. HP: 17/27 MP: 3/3
  1253 | D:2      | You fall into a shaft and drop 1 floor!
  1590 | D:3      | Killed from afar by an orc priest

Illustrated notes

Levels and vault maps discovered:
D:1:      psy_arrival_conway, layout_loops_cross, serial_shops, shop,
          serial_aquarium, aquarium_bridge_square [aquarium_subvault_wall,
          aquarium_subvault_wall, aquarium_subvault_bridge,
          aquarium_subvault_balcony], aquarium_window_corner, aquarium_window_1,
          aquarium_window_fake, aquarium_window_1, aquarium_view_2c,
          aquarium_view_2d, aquarium_pool_corner,
          dreamdust_ecumenical_altar_drowned_temple, minmay_fountain_box
D:2:      layout_basic
D:3:      layout_loops_corners, kennysheep_another_room

Skill      XL: |  1  2 |
---------------+-------+-----
Stealth        | 2 |  2.6
Fighting       | |  2.0
Ranged Weapons | |  4.6
Dodging        | |  2.0

Action                     || total
---------------------------++-------
   Fire: Shortbow          ||    87
         Sling             ||     4
    Use: Potion            ||     1
 Armour: Leather armour    ||    12
  Dodge: Dodged            ||    11

Table legend: (Time is in decaauts)
 A = Elapsed time spent in this place.
 B = Non-inter-level travel time spent in this place.
 C = Inter-level travel time spent in this place.
 D = Time resting spent in this place.
 E = Time spent auto-exploring this place.
 F = Levels seen in this place.
 G = Mean time per level.
                   A        B        C        D        E       F      G
               +--------+--------+--------+--------+--------+-----+--------+
         Total |   1624 |   1553 |     71 |    108 |   1184 |   3 |  541.3 |
       Dungeon |   1624 |   1553 |     71 |    108 |   1184 |   3 |  541.3 |
               +--------+--------+--------+--------+--------+-----+--------+

Top non-repeatable levels by time:
     D:1: 825 daAuts
     D:2: 456 daAuts
     D:3: 342 daAuts
